 Dungeon Crawl Stone Soup version 0.31-a0-986-g5e6e4ef867 (webtiles) character file.

Game seed: 15429835747306461476

31859 jasper the Marksspriggan (level 13, -1/70 HPs)
             Began as a Spriggan Hunter on Nov 20, 2023.
             Was a High Priest of Okawaru.
             Slain by a culicivora (17 damage)
             ... on level 3 of the Lair of Beasts on Nov 21, 2023.
             The game lasted 00:26:17 (12083 turns).

jasper the Marksspriggan (Spriggan Hunter)         Turns: 12083, Time: 00:26:18

Health: -1/70      AC: 14    Str: 11    XL:     13   Next: 28%
Magic:  0/20       EV: 29    Int: 11    God:    Okawaru [*****.]
Gold:   468        SH:  5    Dex: 19    Spells: 12/12 levels left

rFire   . . .        v - +4 arbalest (flame)
rCold   . . .        (shield currently unavailable)
rNeg    . . .        S - +0 acid dragon scales
rPois   +            f - +2 hat of the Bear Spirit {Spirit, Bear, *Rage Will++}
rElec   .            (no cloak)
rCorr   +            (gloves unavailable)
SInv    +            (boots unavailable)
Will    ++++.        w - amulet of reflection
Stlth   ++++++       t - +4 ring of protection
HPRegen 0.31/turn    R - ring of poison resistance
MPRegen 0.17/turn

%: random rage (20%), reflection, guardian spirit
@: heroic, studying Long Blades, very quick
A: very small, no large weapons, unfitting armour, see invisible, speed 3
a: Renounce Religion, Heroism, Finesse, Duel


You were on level 3 of the Lair of Beasts.
You worshipped Okawaru.
Okawaru was extremely pleased with you.
You visited 3 branches of the dungeon, and saw 15 of its levels.
You also visited: Sewer.

You collected 732 gold pieces.
You spent 264 gold pieces at shops.

Inventory:

Hand Weapons
 a - a +0 shortbow
 s - a +3 sling
 v - a +4 arbalest of flaming (weapon)
Missiles
 d - 27 boomerangs
 e - 138 stones
 j - 28 poisoned darts
 r - 8 atropa-tipped darts
 P - 2 curare-tipped darts
 T - 3 throwing nets
 Y - 2 datura-tipped darts
Armour
 c - a +1 robe
 f - the +2 hat of the Bear Spirit (worn) {Spirit, Bear, *Rage Will++}
   (You acquired it on level 2 of the Dungeon)

   Bear:      Going berserk makes the wearer exceptionally tough, and they are
   slowed for a shorter time afterward.
   Will++:    It greatly increases your willpower.
   *Rage:     It berserks you when you make melee attacks (+20% chance).
 l - +0 steam dragon scales
 L - a +0 buckler
 S - +0 acid dragon scales (worn)
Jewellery
 n - an amulet of the acrobat
 t - a +4 ring of protection (left hand)
 w - an amulet of reflection (around neck)
 A - a ring of willpower
 E - a +6 ring of intelligence
 G - a ring of protection from cold
 I - the ring "Nyedghyme" {Str+6 Dex+2}
   (You took it off a kobold demonologist on level 9 of the Dungeon)

   [ring of strength]

   Str+6:     It affects your strength (+6).
   Dex+2:     It affects your dexterity (+2).
 Q - an amulet of magic regeneration
 R - a ring of poison resistance (right hand)
Wands
 y - a wand of iceblast (14)
 F - a wand of flame (26)
 V - a wand of mindburst (11)
Scrolls
 b - 3 scrolls of butterflies
 i - 3 scrolls of poison
 z - 3 scrolls of teleportation
 B - 2 scrolls of blinking
 D - 2 scrolls of enchant weapon
 H - 2 scrolls of fog
 M - a scroll of revelation
 O - 2 scrolls of enchant armour
 U - a scroll of fear
 X - a scroll of identify
Potions
 g - 3 potions of brilliance
 h - 5 potions of curing
 k - 3 potions of enlightenment
 m - 4 potions of ambrosia
 o - 7 potions of might
 p - 3 potions of resistance
 q - 3 potions of haste
 u - a potion of cancellation
 x - 2 potions of lignification
 C - 3 potions of mutation
 K - a potion of degeneration {unknown}
 N - 2 potions of attraction {unknown}
 W - a potion of heal wounds {unknown}
Miscellaneous
 J - a lightning rod (4/4)


   Skills:
 + Level 8.9(13.9) Fighting
 * Level 15.0(20.0) Ranged Weapons
 + Level 4.0(9.0) Armour
 - Level 11.8(16.8) Dodging
 - Level 10.0(15.0) Stealth
 - Level 8.0 Invocations


You had 12 spell levels left.
You didn't know any spells.
Your spell library contained the following spells:

 Spells                   Type           Power      Damage    Failure   Level
 Shock                    Conj/Air       0%         1d3       45%         1
 Ensorcelled Hibernation  Hex/Ice        0%         N/A       58%         2
 Passwall                 Tmut/Erth      0%         N/A       58%         2
 Dazzling Flash           Conj/Hex       0%         N/A       83%         3
 Ozocubu's Armour         Ice            0%         N/A       83%         3
 Sigil of Binding         Hex            0%         N/A       83%         3
 Swiftness                Air            0%         N/A       83%         3
 Volatile Blastmotes      Fire/Tloc      0%         2d10      83%         3
 Airstrike                Air            0%         2d(0-16)  99%         4
 Dimensional Bullseye     Hex/Tloc       0%         N/A       99%         4
 Leda's Liquefaction      Hex/Erth       0%         N/A       99%         4
 Metabolic Englaciation   Hex/Ice        0%         N/A       100%        5
 Starburst                Conj/Fire      0%         6d3       100%        6
 Lehudib's Crystal Spear  Conj/Erth      0%         10d2      100%        8
 Maxwell's Capacitive Co  Air            0%         ∞         100%        8
 Call Canine Familiar     Summ           Unusable   N/A       N/A         3
 Summon Forest            Summ/Tloc      Unusable   N/A       N/A         5
 Simulacrum               Ice/Necr       Unusable   N/A       N/A         6

Dungeon Overview and Level Annotations

Branches:
Dungeon (11/15)            Temple (1/1) D:6            Lair (3/5) D:9
 Shoals (0/4) Lair:3        Sewer (visited)
  Snake: Lair:2-3    Spider: Lair:2-3       Orc: D:9-12

Altars:
Ashenzari
Cheibriados
Dithmenos
Elyvilon
Fedhas
Gozag
Hepliaklqana
Kikubaaqudgha
Makhleb
Nemelex Xobeh
Okawaru
Qazlal
Ru
Sif Muna
Trog
Uskayaw
Vehumet
Wu Jian
Xom
Yredelemnul
Zin
The Shining One

Shops:
D:6 ?

Annotations:
Lair:1 exclusion: oklob plant
Lair:3 2 transporters


Innate Abilities, Weirdness & Mutations

You are very small and have problems with some larger weapons.
You are too small for most types of armour.
You have supernaturally acute eyesight. (SInv)
You cover ground extremely quickly. (Speed+++)


Message History

Press: ? - help, Q - select action, (/) - cycle Shift-Dir - straight line, f/p - blink frog
Aim: a blink frog (moderately wounded, 61% to hit)
You shoot a bolt. The bolt hits the blink frog.
The bolt burns the blink frog.
The blink frog is moderately wounded.
The culicivora bites you!
* * * LOW HITPOINT WARNING * * *
The culicivora draws strength from your injuries!
The blink frog completely misses you. The culicivora completely misses you.
You take 11 damage, and have 16/70 hp.
You now have 4/20 mp.
Fire: v) +4 arbalest (flame)
Press: ? - help, Q - select action, (/) - cycle Shift-Dir - straight line, f/p - blink frog
Aim: a blink frog (moderately wounded, 61% to hit)
You shoot a bolt. The bolt closely misses the blink frog.
The blink frog barely misses you. The culicivora completely misses you.
The blink frog blinks!
Fire: v) +4 arbalest (flame)
Press: ? - help, Q - select action, (/) - cycle Shift-Dir - straight line, f/p - blink frog
Aim: a blink frog (moderately wounded, 61% to hit)
You shoot a bolt. The bolt hits the culicivora!!
The bolt burns the culicivora.
The culicivora is severely wounded.
You block the culicivora's attack.
The blink frog blinks! x2
The culicivora bites you!
* * * LOW HITPOINT WARNING * * *
The culicivora draws strength from your injuries!
You take 13 damage, and have 4/70 hp.
You now have 2/20 mp.
Fire: v) +4 arbalest (flame)
Press: ? - help, Q - select action, (/) - cycle Shift-Dir - straight line, f - culicivora
Aim: a culicivora (severely wounded, 61% to hit)
You shoot a bolt. The bolt misses the culicivora.
The culicivora bites you but does no damage.
The culicivora closely misses you.
You feel better. The culicivora misses you.
You regained 12 hp, and now have 16/70 hp.
Okay, then.
Fire: v) +4 arbalest (flame)
Press: ? - help, Q - select action, (/) - cycle Shift-Dir - straight line, f/p - culicivora
Aim: a culicivora (severely wounded, 61% to hit)
You shoot a bolt. The bolt barely misses the culicivora.
You block the culicivora's attack. The culicivora bites you!!
You die...

###''........
###..........
#......##...#
###..##....##
#...## .....#
#...# ......
#...# ##...
##..#######.
#.#.#@†.†.#
#.#.Fs#!...#
..#...F.#....#
......#.#....##
.†..#..#^#...†.#
### #.† † .##.##
#..... ## #..
##.... ### ##...


You could see a culicivora and 2 blink frogs.

Vanquished Creatures
  Harold (D:11)
  2 centaur warriors (D:9)
  A two-headed ogre (D:9)
  2 boulder beetles (D:11)
  9 death yaks (Lair:3)
  A skyshark (Lair:2)
  An ugly thing (D:9)
  4 black mambas
  A merfolk siren (Lair:3)
  6 elephants (Lair:1)
  4 cane toads
  5 komodo dragons
  3 kobold demonologists
  2 trolls
  3 merfolk (Lair:3)
  A hornet (D:9)
  A blink frog (Lair:3)
  3 culicivoras (Lair:3)
  A shadow (D:11)
  5 wyverns
  27 yaks
  A human (D:9)
  4 basilisks
  A hog (D:9)
  A steam dragon (D:6)
  A vampire mosquito (D:9)
  Menkaure (D:7)
  2 acid dragons
  A black bear (Lair:2)
  14 water moccasins
  6 orc warriors
  A sky beast (D:6)
  5 ice beasts
  3 wolves (Lair:1)
  10 centaurs
  4 ogres
  6 phantoms
  Blork the orc (D:6)
  5 gnoll sergeants
  4 kobold brigands
  6 bullfrogs
  4 wights (D:9)
  A scorpion (D:4)
  6 killer bees (D:8)
  8 howler monkeys
  5 jellies
  An electric eel (Lair:1)
  A crimson imp (D:6)
  3 hounds
  6 orc priests
  2 gnoll boudas
  8 iguanas
  5 orc wizards
  25 gnolls
  10 adders
  A shadow imp (D:7)
  2 white imps
  A worm (D:4)
  2 dart slugs (D:1)
  25 orcs
  6 endoplasms
  12 giant cockroaches
  9 goblins
  5 hobgoblins
  2 jackals (D:1)
  6 quokkas
  4 ball pythons
  8 bats
  5 frilled lizards
  13 kobolds
  5 rats
351 creatures vanquished.

Vanquished Creatures (others)
  A hound (D:6)
1 creature vanquished.

Grand Total: 352 creatures vanquished

Notes
Turn   | Place    | Note
-------+----------+-------------------------------------------
     0 | D:1      | jasper the Spriggan Hunter began the quest for the Orb.
     0 | D:1      | Reached XP level 1. HP: 10/10 MP: 2/2
   110 | D:1      | Reached XP level 2. HP: 15/15 MP: 3/3
   494 | D:1      | Reached XP level 3. HP: 18/18 MP: 4/4
   665 | D:1      | You fall into a shaft and drop 1 floor!
  1374 | D:2      | Identified a scroll of acquirement
  1374 | D:2      | Acquired the +2 hat of the Bear Spirit {Spirit, Bear, *Rage
                  | Will++}
  1374 | D:2      | Found the +2 hat of the Bear Spirit {Spirit, Bear, *Rage
                  | Will++}
  1434 | D:3      | Reached XP level 4. HP: 23/23 MP: 5/5
  1768 | D:3      | Reached skill level 5 in Ranged Weapons
  1825 | D:3      | Noticed an ice beast
  1866 | D:3      | Killed an ice beast
  1867 | D:3      | Reached XP level 5. HP: 27/27 MP: 6/6
  2156 | D:4      | Found a glowing drain.
  2196 | Sewer    | Entered a sewer
  2222 | Sewer    | Noticed a water moccasin
  2330 | D:4      | Noticed a phantom
  2338 | D:4      | Killed a phantom
  2339 | D:4      | Reached XP level 6. HP: 28/32 MP: 7/7
  2454 | D:4      | Reached skill level 6 in Ranged Weapons
  2454 | D:4      | Reached skill level 5 in Stealth
  2631 | D:4      | Reached skill level 5 in Dodging
  2631 | D:4      | Reached XP level 7. HP: 32/36 MP: 6/8
  2673 | D:4      | Found a large runed translucent door.
  2673 | D:4      | Found a large runed translucent door.
  3049 | D:4      | Found a sparkling altar of Nemelex Xobeh.
  3052 | D:4      | Found a hazy altar of Hepliaklqana.
  3124 | D:5      | Entered Level 5 of the Dungeon
  3162 | D:5      | Found a sacrificial altar of Ru.
  3228 | D:5      | Acquired a +3 arbalest of flaming
  3455 | D:5      | Reached skill level 7 in Ranged Weapons
  3495 | D:5      | Reached XP level 8. HP: 42/42 MP: 9/9
  3716 | D:5      | Identified the +0 ring mail "Rodib" {Str+3}
  4067 | D:6      | Identified the "Wovufrit"
  4122 | D:6      | Reached skill level 8 in Ranged Weapons
  4143 | D:6      | Noticed Blork the orc
  4150 | D:6      | Killed Blork the orc
  4209 | D:7      | Reached XP level 9. HP: 46/46 MP: 10/10
  4351 | D:7      | Noticed Menkaure
  4354 | D:7      | Killed Menkaure
  4392 | D:7      | Reached skill level 9 in Ranged Weapons
  4621 | D:7      | Reached skill level 5 in Fighting
  4893 | D:6      | Found Qewiakk's Magic Scroll Shoppe.
  4903 | D:6      | Bought a scroll of teleportation for 36 gold pieces
  4903 | D:6      | Bought a scroll of blinking for 90 gold pieces
  4903 | D:6      | Bought a scroll of blinking for 90 gold pieces
  4903 | D:6      | Bought a scroll of butterflies for 48 gold pieces
  4997 | D:6      | Found a burning altar of Makhleb.
  5027 | D:6      | Found a staircase to the Ecumenical Temple.
  5101 | Temple   | Entered the Ecumenical Temple
  5120 | Temple   | Became a worshipper of Warmaster Okawaru
  5279 | D:7      | Found an ancient bone altar of Kikubaaqudgha.
  6245 | D:8      | Reached skill level 10 in Ranged Weapons
  6261 | D:8      | Reached * piety under Okawaru
  6262 | D:8      | Reached skill level 10 in Stealth
  6272 | D:8      | Reached XP level 10. HP: 26/51 MP: 8/11
  6793 | D:9      | Noticed a two-headed ogre
  6824 | D:9      | Killed a two-headed ogre
  6824 | D:9      | Reached ** piety under Okawaru
  6833 | D:9      | Noticed a centaur warrior
  6843 | D:9      | Killed a centaur warrior
  6844 | D:9      | Reached skill level 11 in Ranged Weapons
  6844 | D:9      | Reached skill level 10 in Dodging
  6968 | D:9      | Identified the ring "Nyedghyme" {Str+6 Dex+2}
  6972 | D:9      | Reached *** piety under Okawaru
  6982 | D:9      | Identified the +8 plate armour "Xeitiana" {Will+}
  6988 | D:9      | Reached skill level 1 in Invocations
  7052 | D:9      | Noticed a centaur warrior
  7057 | D:9      | Killed a centaur warrior
  7063 | D:9      | Identified the +2 robe of Eternal Vigilance {Harm rN++
                  | Int+2 Dex+3}
  7073 | D:9      | Reached XP level 11. HP: 44/58 MP: 8/13
  7182 | D:9      | Reached **** piety under Okawaru
  7183 | D:9      | Reached skill level 12 in Ranged Weapons
  7257 | D:9      | Noticed a white ugly thing
  7263 | D:9      | Killed a white ugly thing
  7539 | D:9      | Found a staircase to the Lair.
  7780 | D:10     | Entered Level 10 of the Dungeon
  7806 | D:10     | Reached ***** piety under Okawaru
  8429 | D:11     | Noticed a boulder beetle
  8437 | D:11     | Killed a boulder beetle
  8437 | D:11     | Received a gift from Okawaru
  8498 | D:11     | Noticed a boulder beetle
  8507 | D:11     | Killed a boulder beetle
  8679 | D:11     | Reached skill level 13 in Ranged Weapons
  8935 | D:11     | Noticed Harold
  8942 | D:11     | Killed Harold
  8943 | D:11     | Reached skill level 5 in Invocations
  9061 | Lair:1   | Entered Level 1 of the Lair of Beasts
  9235 | Lair:1   | Reached XP level 12. HP: 63/63 MP: 15/17
  9292 | Lair:1   | Received a gift from Okawaru
  9539 | Lair:1   | Reached skill level 1 in Armour
  9541 | Lair:1   | Received a gift from Okawaru
 10650 | Lair:2   | Reached skill level 14 in Ranged Weapons
 11218 | Lair:3   | Found a transporter.
 11277 | Lair:3   | Noticed a death yak
 11278 | Lair:3   | Noticed a death yak
 11279 | Lair:3   | Noticed a death yak
 11296 | Lair:3   | Noticed a death yak
 11309 | Lair:3   | Killed a death yak
 11309 | Lair:3   | Received a gift from Okawaru
 11329 | Lair:3   | Killed a death yak
 11335 | Lair:3   | Killed a death yak
 11340 | Lair:3   | Killed a death yak
 11341 | Lair:3   | Reached XP level 13. HP: 53/69 MP: 16/20
 11450 | Lair:3   | Found a transporter.
 11947 | Lair:3   | Reached skill level 15 in Ranged Weapons
 12003 | Lair:3   | Found a staircase to the Shoals.
 12036 | Lair:3   | Received a gift from Okawaru
 12083 | Lair:3   | Slain by a culicivora

Illustrated notes

Levels and vault maps discovered:
D:1:      minmay_arrival_four_houses, layout_basic
D:2:      layout_loops_ring
D:3:      layout_basic
D:4:      layout_basic, jmf_multi_god_temple2, portal_sewer_entry_f,
          st_stairs_4, hangedman_abyss_or_decor_slice
D:5:      kennysheep_six_static_rooms, layout_loops_ring, lemuel_doored_altar
D:6:      layout_rooms, makhleb_grotto_becter, temple_doors_e, serial_shops,
          nicolae_stop_n_shop_1, lemuel_flamethrower_2, uniq_blork_the_orc
D:7:      minmay_razor_zed, layout_loops_ring, lemuel_round_altar,
          kennysheep_small_square, uniq_menkaure
D:8:      layout_loops_ring
D:9:      minmay_the_grid_four_pointed_star_mashed
          [minmay_the_grid_triangle_9x9_pentomino_pain,
          minmay_the_grid_triangle_9x9_zippers_horizontal,
          minmay_the_grid_triangle_9x9_flanged_cone,
          minmay_the_grid_triangle_9x9_skeleton,
          minmay_the_grid_prize_four_corners_diamond_a], layout_irregular_city,
          minmay_lair_entry_grove, grunt_livestock
D:10:     layout_rooms, minmay_misc_feat_plants
D:11:     layout_roguey, uniq_harold
Temple:   minmay_crystal_spiral_temple
Lair:1:   minmay_lair_oklob_tunnel, layout_cave_pods, grunt_megastairs_4,
          serial_bayou_shore_a
Lair:2:   layout_gridlike, chequers_serial_rivers_small_b
Lair:3:   gammafunk_cloud_chamber, layout_misc_corridors,
          elwin_shoals_entry_stream, hellmonk_spider_entry_life_and_decay

Skill      XL: |  1  2  3  4  5  6  7  8  9 10 11 12 13 |
---------------+----------------------------------------+-----
Stealth        | 2 3 4 5 6 8 10 | 10.0
Dodging        | 3 4 5 6 7 8 10 11 | 11.8
Fighting       | 2 3 4 5 6 7 8 |  8.9
Ranged Weapons | 5 6 7 8 10 11 13 14 15 | 15.0
Invocations    | 2 6 8 |  8.0
Armour         | 3 4 |  4.0

Action                     |  1- 3 |  4- 6 |  7- 9 | 10-12 | 13-15 || total
---------------------------+-------+-------+-------+-------+-------++-------
   Fire: Shortbow          |    91 |       |       |       |       ||    91
         Sling             |    13 |   161 |    27 |       |       ||   201
         Arbalest          |       |       |   235 |   485 |   110 ||   830
 Invoke: Heroism           |       |       |     1 |     8 |     2 ||    11
  Evoke: Wand              |       |       |       |     3 |       ||     3
         Lightning rod     |       |       |       |     4 |       ||     4
    Use: Scroll            |     1 |     4 |     8 |     8 |       ||    21
         Potion            |       |       |       |       |     1 ||     1
 Armour: Robe              |    12 |    26 |    24 |       |       ||    62
         Steam dragon scal |       |       |    26 |    51 |       ||    77
         Acid dragon scale |       |       |       |    32 |    33 ||    65
  Dodge: Dodged            |    51 |    55 |   141 |   264 |    80 ||   591
  Block: Other             |       |       |    27 |    53 |    21 ||   101
         Reflection        |       |       |     2 |     8 |       ||    10

Table legend: (Time is in decaauts)
 A = Elapsed time spent in this place.
 B = Non-inter-level travel time spent in this place.
 C = Inter-level travel time spent in this place.
 D = Time resting spent in this place.
 E = Time spent auto-exploring this place.
 F = Levels seen in this place.
 G = Mean time per level.
                   A        B        C        D        E       F      G
               +--------+--------+--------+--------+--------+-----+--------+
         Total |   8957 |   8483 |    474 |    199 |   6169 |  16 |  559.8 |
       Dungeon |   6580 |   6201 |    379 |    190 |   4491 |  11 |  598.2 |
        Temple |     24 |      3 |     21 |      0 |      0 |   1 |   24.0 |
          Lair |   2323 |   2251 |     72 |      9 |   1668 |   3 |  774.3 |
         Sewer |     29 |     29 |      0 |      0 |      9 |   1 |   29.0 |
               +--------+--------+--------+--------+--------+-----+--------+

Top non-repeatable levels by time:
  Lair:1: 1086 daAuts
     D:7: 850 daAuts
     D:9: 815 daAuts
  Lair:3: 790 daAuts
     D:4: 720 daAuts
     D:5: 675 daAuts
     D:8: 656 daAuts
    D:10: 521 daAuts
     D:1: 510 daAuts
     D:3: 505 daAuts
    D:11: 452 daAuts
  Lair:2: 446 daAuts
     D:2: 443 daAuts
     D:6: 428 daAuts
   Sewer: 29 daAuts
